 Dungeon Crawl Stone Soup version 0.27-a0-920-gb2bd10914a (webtiles) character file.

Game seed: 3515658072542195943

169 mhtbhm the Cudgeller (level 5, -3/33 HPs)
             Began as a Gargoyle Berserker on Apr 9, 2021.
             Was a Believer of Trog.
             Killed by Freeze
             ... generated by an endoplasm
              (4 damage)
             ... on level 3 of the Dungeon.
             The game lasted 00:02:34 (2757 turns).

mhtbhm the Cudgeller (Gargoyle Berserker)           Turns: 2757, Time: 00:02:35

Health: -3/33      AC: 10    Str: 21    XL:     5   Next: 50%
Magic:  5/5        EV: 11    Int:  8    God:    Trog [**....]
Gold:   126        SH:  0    Dex:  9    Spells: 4/4 levels left

rFire    . . .     SeeInvis .   a - +0 flail
rCold    . . .     Faith    .   (no shield)
rNeg     + . .     Spirit   .   b - +0 ring mail
rPois    ∞         Reflect  .   (no helmet)
rElec    +         Harm     .   (no cloak)
rCorr    .         Rampage  .   e - +0 pair of gloves
Will     .....                  (no boots)
Stlth    +.........             (no amulet)
HPRegen  0.11/turn              (no ring)
MPRegen  0.09/turn              (no ring)

@: mighty, on berserk cooldown, hasted and slowed
A: AC +4, negative energy resistance 1, electricity resistance, torment
resistance 1, unbreathing 1, petrification resistance
a: Renounce Religion, Berserk, Trog's Hand


You were on level 3 of the Dungeon.
You worshipped Trog.
Trog was pleased with you.
You visited 1 branch of the dungeon, and saw 3 of its levels.

You collected 126 gold pieces.

Inventory:

Hand Weapons
 a - a +0 flail (weapon)
Armour
 b - a +0 ring mail (worn)
 e - a +0 pair of gloves (worn)
Scrolls
 f - a scroll of teleportation {unknown}
 g - a scroll of immolation {unknown}
Potions
 h - a potion of might


   Skills:
 + Level 4.1 Fighting
 + Level 4.4 Maces & Flails
 + Level 3.3 Armour
 + Level 2.2 Dodging
 + Level 0.5 Stealth


You had 4 spell levels left.
You didn't know any spells.
Your spell library was empty.

Dungeon Overview and Level Annotations

Branches:
Dungeon (3/15)

Altars:


Innate Abilities, Weirdness & Mutations

Your stone body is resilient. (AC +4)
You are immune to poison.
You resist negative energy. (rN+)
You are resistant to electric shocks. (rElec)
You are resistant to unholy torment.
You can survive without breathing.
You are immune to petrification.


Message History

You hear some strange, mumbled words.
A magic dart appears from out of thin air!
The magic dart hits you. The orc hits you but does no damage.
The endoplasm hits you but does no damage.
It was a potion of haste.
You feel yourself speed up. The orc hits you with a +0 dagger.
Something hits you but does no damage.
The orc hits you with a +0 falchion of freezing.
The orc freezes you. The endoplasm misses you.
Something hits you but does no damage. The orc hits you but does no damage.
The orc barely misses you.
The endoplasm hits you but does no damage.
Okay, then.
It was a potion of might.
You feel very mighty all of a sudden. The orc hits you with a +0 dagger.
* * * LOW HITPOINT WARNING * * *
Something hits you but does no damage. The orc closely misses you.
The endoplasm hits you but does no damage.
Unknown command.
You closely miss something. The orc hits you but does no damage.
You hear some strange, mumbled words.
A magic dart appears from out of thin air!
The magic dart hits you.
* * * LOW HITPOINT WARNING * * *
The orc hits you with a +0 falchion of freezing.
* * * LOW HITPOINT WARNING * * *
The orc freezes you.
* * * LOW HITPOINT WARNING * * *
The endoplasm jiggles.
The endoplasm barely misses you.
Unknown command.
Okay, then.
It was a potion of berserk rage.
You're still recovering from your berserk rage.
The orc closely misses you. Something hits you.
* * * LOW HITPOINT WARNING * * *
The orc closely misses you. The endoplasm freezes you.
You are frozen.
You die...

#......#.. .###
##...........+...
#.#.#.#.#.#.#.#.#
...............
#.#.#.#.#.#.#
...........
##.#.#.#.#.#.#.#.#
.(....o@{.<.......
.#.#.#J#o#.#.#.#.#
......)$..)....
.........######
########.# ..# ..#
...# .#


You could see 2 orcs and an endoplasm.

Vanquished Creatures
  A centaur zombie (D:2)
  4 gnolls (D:2)
  3 adders (D:2)
  A white imp (D:3)
  2 worms (D:2)
  2 orcs (D:3)
  5 endoplasms
  A giant cockroach (D:1)
  3 goblins
  6 hobgoblins
  11 jackals
  2 kobolds (D:1)
  2 ball pythons (D:1)
  5 bats
  3 frilled lizards
  3 rats
54 creatures vanquished.

Notes
Turn   | Place    | Note
-------+----------+-------------------------------------------
     0 | D:1      | mhtbhm the Gargoyle Berserker began the quest for the Orb.
     0 | D:1      | Reached XP level 1. HP: 14/14 MP: 1/1
   619 | D:1      | Reached XP level 2. HP: 19/19 MP: 2/2
  1036 | D:1      | Reached XP level 3. HP: 24/24 MP: 3/3
  1622 | D:2      | Reached XP level 4. HP: 21/29 MP: 4/4
  1766 | D:2      | Reached ** piety under Trog
  2006 | D:2      | Reached XP level 5. HP: 26/33 MP: 5/5
  2757 | D:3      | HP: 1/33 [something (1)]
  2757 | D:3      | Killed from afar by an endoplasm

Illustrated notes

Levels and vault maps discovered:
D:1:      pf_arrival_petrified_forest, layout_loops_ring, patterned_corridor
D:2:      cheibrodos_helix_gallery, layout_basic
D:3:      layout_basic, amcnicky_altar_gilded, ebering_ghost_gozag, st_stairs_12

Skill      XL: |  1  2  3  4 |
---------------+-------------+-----
Dodging        | 2 |  2.2
Maces & Flails | 4 |  4.4
Armour         | 3 |  3.3
Fighting       | 4 |  4.1
Stealth        | |  0.5

Action                   |  1- 3 |  4- 6 || total
-------------------------+-------+-------++-------
Melee: Mace              |   102 |    13 ||   115
       Flail             |       |    76 ||    76
Invok: Berserk           |     1 |     2 ||     3
  Use: Potion            |       |     3 ||     3
Armor: Animal skin       |    13 |       ||    13
       Ring mail         |    63 |    54 ||   117
Dodge: Dodged            |    92 |    45 ||   137

Table legend: (Time is in decaauts)
 A = Elapsed time spent in this place.
 B = Non-inter-level travel time spent in this place.
 C = Inter-level travel time spent in this place.
 D = Time resting spent in this place.
 E = Time spent auto-exploring this place.
 F = Levels seen in this place.
 G = Mean time per level.
                   A        B        C        D        E       F      G
               +--------+--------+--------+--------+--------+-----+--------+
         Total |   2815 |   2765 |     50 |    323 |   2026 |   3 |  938.3 |
       Dungeon |   2815 |   2765 |     50 |    323 |   2026 |   3 |  938.3 |
               +--------+--------+--------+--------+--------+-----+--------+

Top non-repeatable levels by time:
     D:1: 1501 daAuts
     D:2: 1296 daAuts
     D:3: 17 daAuts
